 Dungeon Crawl Stone Soup version 0.30-a0-178-g4db885d750 (webtiles) character file.

Game seed: 5768086509624656739

761816 Ijustatesigmund the Conqueror (level 27, -1/218 HPs)
             Began as a Gargoyle Fighter on Sept 30, 2022.
             Was the Champion of the Shining One.
             Slain by an iron golem (24 damage)
             ... on level 2 of the Iron City of Dis on Oct 3, 2022.
             The game lasted 03:31:36 (77104 turns).

Ijustatesigmund the Conqueror (Gargoyle Fighter)   Turns: 77104, Time: 03:31:36

Health: -1/218     AC: 31    Str: 33    XL:     27
Magic:  22/40      EV: 18    Int: 14    God:    the Shining One [******]
Gold:   6769       SH: 36    Dex: 11    Spells: 29/39 levels left

rFire   + . .      SeeInvis +    a - +9 sacred scourge (holy)
rCold   + + .      Faith    .    s - +5 kite shield {reflect}
rNeg    + + +      Spirit   .    Y - +3 faerie dragon scales {rN+ Regen+ rCorr}
rPois   ∞          Reflect  +    F - +2 helmet {SInv}
rElec   +          Harm     .    V - +2 cloak
rCorr   +          Rampage  +    H - +0 pair of gloves of the Dwarven Hall {rC+ Regen+ rCorr}
Will    +++++                    T - +2 pair of boots
Stlth   +.........               u - amulet "Anoirph" {Acrobat Rampage rF+ Regen+}
HPRegen 2.96/turn                R - ring "Ytafik" {rN+ Will++ Slay+4}
MPRegen 0.27/turn                E - ring of Oveeburph {rC+ Str+6 Slay+5}

@: divinely shielded, corroded, flying, glowing, studying Unarmed Combat
A: sickness immunity, AC +20, big wings, negative energy resistance 1,
electricity resistance, torment resistance 1, petrification resistance, talons
1, deterioration 2, strong-willed 1, passive freeze, robust 1
}: 6/15 runes: serpentine, barnacled, slimy, silver, bone, abyssal
a: Renounce Religion, Divine Shield, Cleansing Flame, Summon Divine Warrior


You were on level 2 of the Iron City of Dis.
You worshipped the Shining One.
The Shining One was exalted by your worship.
You visited 15 branches of the dungeon, and saw 62 of its levels.
You visited the Abyss 3 times.
You also visited: Sewer and Ossuary.

You collected 9376 gold pieces.
You spent 2607 gold pieces at shops.

Inventory:

Hand Weapons
 a - a +9 sacred scourge of holy wrath (weapon)
 C - a +5 antimagic eveningstar
Armour
 c - a +4 tower shield of reflection
 s - a +5 kite shield of reflection (worn)
 F - a +2 helmet of see invisible (worn)
 H - the +0 pair of gloves of the Dwarven Hall (worn) {rC+ Regen+ rCorr}
   (You found it on level 9 of the Dungeon)

   rC:        It protects you from cold.
   Regen:     It increases your rate of health regeneration.
   rCorr:     It protects you from acid and corrosion.
 I - the +4 moon troll leather armour {Spirit, Regen++ MP+5}
   (You bought it in a shop on level 6 of the Dungeon)

   MP:        It affects your magic capacity (+5).
   Regen:     It increases your rate of health regeneration.
 T - a +2 pair of boots (worn)
 V - a +2 cloak (worn)
 Y - the +3 faerie dragon scales (worn) {rN+ Regen+ rCorr}
   (You took it off the Enchantress on level 2 of the Depths)

   rN:        It protects you from negative energy.
   Regen:     It increases your rate of health regeneration.
   rCorr:     It protects you from acid and corrosion.
Jewellery
 j - an amulet of reflection
 u - the amulet "Anoirph" (around neck) {Acrobat Rampage rF+ Regen+}
   (You took it off a rakshasa on level 12 of the Dungeon)

   [amulet of the acrobat]

   It increases your evasion while moving and waiting.
   rF:        It protects you from fire.
   Regen:     It increases your rate of health regeneration.
   Rampage:   It bestows one free step when moving towards enemies.
 E - the ring of Oveeburph (right hand) {rC+ Str+6 Slay+5}
   (You found it on level 5 of the Vaults)

   [ring of strength]

   Str:       It affects your strength (+6).
   Slay:      It affects your accuracy & damage with ranged weapons and melee
   (+5).
   rC:        It protects you from cold.
 K - a ring of protection from cold
 O - the ring of Obagauw {Wiz rPois Str+2 Slay+2}
   (You took it off a deep elf annihilator on level 5 of the Vaults)

   [ring of wizardry]

   It improves your spell success rate.
   Str:       It affects your strength (+2).
   Slay:      It affects your accuracy & damage with ranged weapons and melee
   (+2).
   rPois:     It protects you from poison.
 R - the ring "Ytafik" (left hand) {rN+ Will++ Slay+4}
   (You took it off a deep elf knight on level 3 of the Elven Halls)

   [ring of slaying]

   Slay:      It affects your accuracy & damage with ranged weapons and melee
   (+4).
   rN:        It protects you from negative energy.
   Will:      It greatly increases your willpower.
 W - a +4 ring of evasion
 X - a +4 ring of protection
Wands
 d - a wand of light (8)
 g - a wand of flame (47)
 t - a wand of polymorph (26)
 x - a wand of mindburst (40)
 B - a wand of charming (12)
 D - a wand of digging (23)
 Z - a wand of iceblast (19)
Scrolls
 e - 9 scrolls of fog
 f - 7 scrolls of magic mapping
 h - 8 scrolls of teleportation
 k - 3 scrolls of silence
 l - 12 scrolls of amnesia
 p - 19 scrolls of immolation
 r - 67 scrolls of identify
 w - 5 scrolls of brand weapon
 y - 5 scrolls of fear
 J - 10 scrolls of poison
 L - 7 scrolls of blinking
 Q - a scroll of acquirement
 S - 3 scrolls of summoning
Potions
 b - 6 potions of might
 i - 5 potions of resistance
 m - 6 potions of magic
 n - 6 potions of berserk rage
 o - 28 potions of curing
 q - 14 potions of mutation
 z - 3 potions of heal wounds
 A - 8 potions of lignification
 G - 10 potions of attraction
 N - 6 potions of ambrosia
 P - 8 potions of brilliance
 U - 2 potions of haste
Miscellaneous
 M - a phantom mirror


   Skills:
 O Level 27 Fighting
 - Level 19.6 Maces & Flails
 - Level 16.2 Armour
 - Level 17.3 Dodging
 + Level 19.1 Shields
 - Level 6.5 Spellcasting
 - Level 11.1 Translocations
 - Level 11.0 Transmutations
 O Level 27 Invocations
 + Level 15.9 Evocations


You had 29 spell levels left.
You knew the following spells:

 Your Spells              Type           Power      Damage    Failure   Level
a - Apportation           Tloc           70%        N/A       1%          1
b - Lesser Beckoning      Tloc           35%        N/A       1%          3
c - Manifold Assault      Tloc           35%        N/A       2%          4
d - Wereblood             Tmut           35%        N/A       1%          2

Your spell library contained the following spells:

 Spells                   Type           Power      Damage    Failure   Level
 Gell's Gravitas          Tloc           35%        N/A       1%          3
 Teleport Other           Tloc           35%        N/A       1%          3
 Sting                    Tmut/Pois      80%        1d7       2%          1
 Blade Hands              Tmut           17%        N/A       7%          5
 Portal Projectile        Hex/Tloc       40%        N/A       8%          3
 Spider Form              Tmut/Pois      20%        N/A       8%          3
 Ignite Poison            Fire/Tmut/Pois 14%        N/A       16%         3
 Kindle Blastsparks       Fire/Tloc/Air  28%        2d12      16%         3
 Foxfire                  Conj/Fire      16%        2x1d4     24%         1
 Freeze                   Ice            16%        1d4       24%         1
 Kiss of Death            Conj/Necr      16%        2d6       24%         1
 Magic Dart               Conj           16%        1d3       24%         1
 Necrotise                Necr           16%        1d4       24%         1
 Slow                     Hex            16%        N/A       24%         1
 Summon Small Mammal      Summ           16%        N/A       24%         1
 Iskenderun's Mystic Bla  Conj/Tloc      20%        2d6       24%         4
 Ice Form                 Ice/Tmut       20%        N/A       26%         4
 Petrify                  Tmut/Erth      20%        N/A       26%         4
 Ensorcelled Hibernation  Hex/Ice        8%         N/A       36%         2
 Poisonous Vapours        Pois/Air       8%         N/A       36%         2
 Scorch                   Fire           8%         2d5       36%         2
 Searing Ray              Conj           8%         2d4       36%         2
 Dispersal                Tloc           17%        N/A       36%         6
 Alistair's Intoxication  Tmut/Pois      13%        N/A       56%         5
 Summon Forest            Summ/Tloc      10%        N/A       56%         5
 Yara's Violent Unravell  Hex/Tmut       10%        3d6       56%         5
 Call Canine Familiar     Summ           4%         N/A       58%         3
 Confusing Touch          Hex            4%         N/A       58%         3
 Dazzling Flash           Conj/Hex       8%         N/A       58%         3
 Frozen Ramparts          Ice            8%         1d2       58%         3
 Hailstorm                Conj/Ice       4%         3d4       58%         3
 Inner Flame              Hex/Fire       4%         N/A       58%         3
 Stone Arrow              Conj/Erth      8%         3d7       58%         3
 Summon Guardian Golem    Hex/Summ       4%         N/A       58%         3
 Tukima's Dance           Hex            4%         N/A       58%         3
 Vampiric Draining        Necr           4%         2d6       58%         3
 Anguish                  Hex/Necr       2%         N/A       94%         4
 Animate Armour           Summ/Erth      8%         N/A       94%         4
 Flame Wave               Conj/Fire      4%         2d5       94%         4
 Fulminant Prism          Conj/Hex       2%         3d6       94%         4
 Olgreb's Toxic Radiance  Pois           4%         N/A       94%         4
 Sticky Flame             Conj/Fire      4%         2d3       94%         4
 Summon Ice Beast         Ice/Summ       4%         N/A       94%         4
 Summon Lightning Spire   Summ/Air       4%         N/A       94%         4
 Agony                    Necr           4%         N/A       100%        5
 Arcjolt                  Conj/Air       2%         1d12      100%        5
 Fireball                 Conj/Fire      2%         3d4       100%        5
 Iskenderun's Battlesphe  Conj           4%         2d6       100%        5
 Lee's Rapid Deconstruct  Erth           2%         3d5*      100%        5
 Metabolic Englaciation   Hex/Ice        2%         N/A       100%        5
 Silence                  Hex/Air        2%         N/A       100%        5
 Summon Mana Viper        Hex/Summ       4%         N/A       100%        5
 Conjure Ball Lightning   Conj/Air       2%         3x3d6     100%        6
 Iron Shot                Conj/Erth      2%         9d2       100%        6
 Simulacrum               Ice/Necr       2%         N/A       100%        6
 Starburst                Conj/Fire      2%         6d3       100%        6
 Summon Cactus Giant      Summ           2%         N/A       100%        6
 Enfeeble                 Hex            2%         N/A       100%        7
 Monstrous Menagerie      Summ           2%         N/A       100%        7
 Orb of Destruction       Conj           2%         9d5       100%        7
 Ozocubu's Refrigeration  Ice            2%         4d7       100%        7
 Storm Form               Tmut/Air       10%        N/A       100%        7
 Summon Hydra             Summ           2%         N/A       100%        7
 Borgnjor's Revivificati  Necr           2%         N/A       100%        8
 Discord                  Hex            2%         N/A       100%        8
 Disjunction              Tloc           17%        N/A       100%        8
 Ignition                 Fire           2%         3d3       100%        8
 Infestation              Necr           2%         N/A       100%        8
 Lehudib's Crystal Spear  Conj/Erth      2%         10d2      100%        8
 Maxwell's Capacitive Co  Air            2%         ∞         100%        8
 Dragon's Call            Summ           2%         N/A       100%        9
 Cigotuvi's Dreadful Rot  Necr/Pois/Air  Unusable   N/A       N/A         2
 Sublimation of Blood     Necr           Unusable   N/A       N/A         2
 Statue Form              Tmut/Erth      Unusable   N/A       N/A         6

Dungeon Overview and Level Annotations

Branches:
Dungeon (15/15)            Temple (1/1) D:6            Lair (5/5) D:8
 Shoals (4/4) Lair:3        Snake (4/4) Lair:3        Slime (5/5) Lair:5
    Orc (2/2) D:9             Elf (3/3) Orc:2        Vaults (5/5) D:14
  Crypt (3/3) Vaults:3       Tomb (1/3) Crypt:3      Depths (4/4) D:15
   Hell (visited)             Dis (2/7) Hell            Geh (0/7) Hell
    Coc (0/7) Hell            Tar (7/7) Hell            Zot (0/5) Depths:4
  Sewer (visited)         Ossuary (visited)

Altars:
Ashenzari
Cheibriados
Dithmenos
Elyvilon
Fedhas
Gozag
Hepliaklqana
Kikubaaqudgha
Makhleb
Nemelex Xobeh
Okawaru
Qazlal
Ru
Sif Muna
Trog
Uskayaw
Vehumet
Wu Jian
Xom
Yredelemnul
Zin
The Shining One
Jiyva
Lugonu

Shops:
D:6 !=[   Orc:1 !   Orc:2 [[(*(   Elf:3 (   Shoals:1 *:   Shoals:2 *
Snake:2 ![(   Vaults:5 (   Depths:3 (   Depths:4 (

Portals:
Hell: Depths:1 Depths:2 Depths:3 Depths:4
Abyss: Lair:5 Depths:3
Pandemonium: Depths:2
Ziggurat: Depths:1
Trove: D:13 (give 2 scrolls of acquirement)

Annotations:
D:14 1 transporter, Malachi's ghost, journeyman DrAE
Elf:1 1 runed translucent door


Innate Abilities, Weirdness & Mutations

You are immune to sickness and miasma.
Your stone body is resilient. (AC +20)
You are immune to poison.
Your large and strong wings let you fly.
You resist negative energy. (rN+)
You are resistant to electric shocks. (rElec)
You are resistant to unholy torment.
You are immune to petrification.
You have sharp toenails.
Your body often deteriorates upon taking damage.
You are strong-willed. (Will+)
A frigid envelope surrounds you and freezes all who hurt you.
You are robust. (+10% HP)


Message History

The iron golem hits you!!
* * * LOW HITPOINT WARNING * * *
The iron golem completely resists.
You block the iron golem's attack.
The war gargoyle hits you with a +0 morningstar!
* * * LOW HITPOINT WARNING * * *
The war gargoyle resists.
The war gargoyle is very cold.
The war gargoyle is almost destroyed.
Activating: Cleansing Flame (0% risk of failure)
Press: ? - help, Dir - look around, f - activate The golden flame engulfs you but does no damage.
You resist.
The golden flame engulfs the war gargoyle!!
You destroy the war gargoyle!
The golden flame engulfs the caustic shrike!!!
The caustic shrike is almost dead.
The golden flame engulfs the iron golem!!!
The iron golem is moderately damaged.
The golden flame engulfs the caustic shrike!
The caustic shrike is moderately wounded.
The caustic shrike claws you but does no damage.
The caustic shrike completely resists.
You block the caustic shrike's attack. x2
The caustic shrike claws you!!
* * * LOW HITPOINT WARNING * * *
You are splashed with acid.
You resist.
* * * LOW HITPOINT WARNING * * *
The caustic shrike resists.
The caustic shrike is very cold.
The caustic shrike is moderately wounded.
The iron golem hits you!
* * * LOW HITPOINT WARNING * * *
The iron golem completely resists.
You block the iron golem's attack.
You feel much better. The caustic shrike closely misses you.
The caustic shrike claws you!
* * * LOW HITPOINT WARNING * * *
You are splashed with acid.
You resist.
* * * LOW HITPOINT WARNING * * *
The caustic shrike resists.
The caustic shrike is very cold.
The caustic shrike is moderately wounded.
You block the caustic shrike's attack. x2; You block the iron golem's attack.
The iron golem hits you!!
You die...

#+###+#+###+##+
#..'....b......
#..)@b......
#..†9†......
+...........
#...........
#####+####+#


You could see an iron golem and 2 caustic shrikes.

Vanquished Creatures
  the Royal Jelly (Slime:5)
  Dissolution (Slime:2)
  Ereshkigal (Tar:7)
  6 dread liches
  5 ancient liches
  Sojobo (Vaults:4)
  2 royal mummies
  Bai Suzhen (Crypt:1)
  Saint Roka (Vaults:4)
  Vv (Crypt:1)
  Frederick (Crypt:2)
  12 caustic shrikes
  Vashnia (Snake:2)
  Geryon (Hell)
  14 profane servitors
  Jory (Crypt:1)
  2 golden dragons (Vaults:5)
  28 bone dragons
  Nikola (Vaults:1)
  the Enchantress (Depths:2)
  16 doom hounds
  20 Tzitzimimeh
  The ghost of Corraure the Unseen, an adept FoFi of Okawaru (Vaults:4)
  A Hell Sentinel (Abyss:3)
  10 tainted leviathans
  3 tentacled monstrosities
  Grunn (Depths:4)
  5 titans
  2 quicksilver dragons
  Asterion (Vaults:2)
  4 deep elf blademasters
  4 deep elf master archers (Elf:3)
  A kraken (Shoals:2)
  28 acid blobs
  A walking divine tome (Depths:4)
  12 ancient champions
  8 liches
  12 sphinxes
  An Executioner (Abyss:3)
  Agnes (Snake:3)
  Frances (Elf:1)
  Kirke (Elf:1)
  28 tentacled starspawn
  10 tengu reavers
  9 shadow dragons
  Ilsuiw (Shoals:3)
  A draconian monk (Depths:4)
  6 storm dragons
  11 rockslimes
  8 azure jellies
  2 revenants
  8 nagarajas
  Donald (Vaults:4)
  A daeva (Abyss:3)
  2 draconian knights
  10 frost giants
  A draconian scorcher (Depths:4)
  8 fire giants
  Aizul (Snake:4)
  10 deep elf sorcerers
  4 iron dragons
  15 vault wardens
  A caustic shrike zombie (Hell)
  A cacodemon (Abyss:3)
  4 deep elf elementalists
  5 balrugs
  A spectral juggernaut (Tar:3)
  5 ghouls
  4 orc warlords
  2 curse skulls
  5 spectral caustic shrikes
  6 quicksilver oozes
  4 spriggan defenders (Depths:2)
  13 ironbound preservers
  17 reapers
  4 war gargoyles
  8 ironbound thunderhulks
  13 stone giants
  A starflower (Abyss:2)
  40 very ugly things
  A juggernaut skeleton (Abyss:3)
  9 vampire knights
  5 deep elf demonologists
  6 caustic shrike skeletons (Depths:2)
  17 deep elf annihilators
  A white draconian (Depths:4)
  A bunyip (Abyss:2)
  A green draconian (Depths:4)
  25 putrid mouths
  A dire elephant (shapeshifter) (Vaults:5)
  2 black draconians (Depths:4)
  9 dire elephants
  4 lorocyprocas
  2 red draconians
  A minotaur (Shoals:4)
  4 spark wasps (Depths:4)
  A purple draconian (Depths:4)
  9 eidola
  2 spectral quicksilver dragons
  5 deep elf death magi
  An iron golem (Dis:1)
  6 blizzard demons
  4 merfolk javelineers
  A crystal guardian (Vaults:4)
  Snorg (D:14)
  2 green deaths
  A spectral spriggan (Tar:6)
  12 jiangshi
  13 ettins
  11 mummy priests
  4 entropy weavers
  5 merfolk impalers
  6 fire dragons
  8 great orbs of eyes
  3 salamander tyrants
  9 spriggan air magi
  2 spriggan zombies
  5 deep elf high priests
  36 vault guards
  6 ice dragons
  19 yaktaur captains
  7 rakshasas
  4 hydras
  11 ironbound frosthearts
  A radroach (shapeshifter) (Depths:4)
  3 peacekeepers
  4 ogre magi
  3 two-headed ogres
  A merfolk avatar (Shoals:1)
  4 death knights
  7 anacondas
  8 centaur warriors
  2 alligator snapping turtles
  24 dancing weapons
  10 deep troll shamans
  A spectral stone giant (Tar:1)
  3 boulder beetles
  5 merfolk aquamancers
  2 tengu warriors
  8 death yaks (Depths:2)
  6 death scarabs (Tomb:1)
  3 orc high priests (Orc:2)
  14 satyrs
  5 hell hogs
  23 naga sharpshooters
  11 naga warriors
  7 shock serpents
  9 spriggan berserkers
  7 deep troll earth magi
  3 spectral nagas
  11 vampire magi
  21 thrashing horrors
  Urug (D:10)
  12 deep elf knights
  8 iron trolls
  8 sun demons
  4 hell knights
  A titan skeleton (Crypt:3)
  16 wretched stars
  8 soul eaters
  26 skeletal warriors
  A spatial maelstrom (Abyss:3)
  A fire crab (shapeshifter) (Abyss:3)
  4 sixfirhies (Abyss:3)
  8 salamander mystics
  12 sea snakes
  20 shadow wraiths
  A spectral bunyip (Tar:1)
  A bunyip zombie (Hell)
  6 flayed ghosts
  A spectral anaconda (Tar:1)
  9 naga ritualists
  12 deep elf archers
  48 deep trolls
  23 phantasmal warriors
  A bunyip skeleton (Abyss:2)
  11 harpies
  7 spriggan druids (Depths:2)
  A spriggan simulacrum (Crypt:3)
  10 glowing orange brains
  16 ironbound convokers
  2 bog bodies (Crypt:1)
  3 lindwurms (Vaults:2)
  19 necromancers
  Pikel (D:8)
  37 deep elf pyromancers
  11 wizards
  A tengu skeleton (Vaults:2)
  A sphinx zombie (Vaults:4)
  A goliath frog zombie (Crypt:2)
  An anaconda skeleton (Tomb:1)
  10 shining eyes
  22 salamanders
  2 spectral ettins
  35 ugly things
  4 mana vipers
  10 orc knights
  A stone giant zombie (D:15)
  6 orc sorcerers
  A spectral alligator snapping turtle (Tar:3)
  A will-o-the-wisp (Abyss:2)
  An iron dragon zombie (Depths:1)
  19 deep elf zephyrmancers
  60 large abominations
  16 manticores
  9 worldbinders
  2 fire giant zombies
  2 iron dragon skeletons
  A shining eye (shapeshifter) (Depths:3)
  7 cyclopes
  A salamander (shapeshifter) (Depths:2)
  8 elephants
  16 merfolk sirens
  34 fauns
  A manticore (shapeshifter) (Abyss:2)
  Maurice (D:8)
  10 vault sentinels
  5 eyes of devastation
  5 guardian serpents
  18 smoke demons
  3 rust devils
  A fire giant skeleton (Vaults:4)
  A stone giant skeleton (Depths:1)
  11 water nymphs
  A dire elephant zombie (Abyss:3)
  29 black mambas
  5 apocalypse crabs
  A centaur skeleton (Crypt:2)
  6 orange demons
  10 naga magi
  3 torpor snails (Lair:2)
  2 gargoyles (D:14)
  9 unseen horrors
  Maggie (D:8)
  A kobold demonologist (D:10)
  16 cane toads
  2 demonic crawlers
  A dire elephant skeleton (Crypt:2)
  10 hellions
  8 freezing wraiths
  A komodo dragon (shapeshifter) (Elf:1)
  2 sea snake zombies
  6 rime drakes
  8 komodo dragons
  A black draconian zombie (Crypt:2)
  17 tormentors
  6 tengu conjurers
  19 ancient zymes
  34 yaktaurs
  An efreet (Abyss:3)
  5 hellwings
  2 sea snake skeletons (Hell)
  70 starcursed masses
  19 merfolk
  An anaconda simulacrum (Crypt:2)
  3 silent spectres
  4 spectral harpies
  A red devil (Hell)
  15 guardian mummies
  2 polar bears
  A hydra zombie (Hell)
  2 ice devils (Hell)
  A black draconian skeleton (Crypt:2)
  A mana viper skeleton (Crypt:1)
  2 wind drakes
  6 trolls
  14 hornets (Depths:2)
  A queen bee (Lair:2)
  A guardian serpent zombie (Crypt:2)
  92 slime creatures
  Grinder (D:4)
  A wind drake (shapeshifter) (Abyss:3)
  11 snapping turtles
  40 blink frogs
  33 raiju
  A draconian simulacrum (Tomb:1)
  A great orb of eyes zombie (Crypt:2)
  2 alligator zombies
  A stone giant simulacrum (Depths:1)
  14 flying skulls
  A spriggan (shapeshifter) (Abyss:3)
  2 spriggan skeletons
  Sigmund (D:3)
  2 air elementals (Elf:2)
  4 hogs (Elf:1)
  14 wraiths
  13 ushabtiu
  2 vampires
  9 ynoxinuls
  A culicivora (Vaults:4)
  38 spriggans
  10 water elementals
  3 shadows
  51 yaks
  Eustachio (D:4)
  6 basilisks
  A tyrant leech zombie (Crypt:3)
  A fire bat (Abyss:2)
  8 chaos spawn
  16 neqoxecs
  8 wyverns
  4 fire elementals
  17 golden eyes
  10 redbacks
  A steam dragon (D:9)
  4 vampire mosquitoes (D:11)
  An elf skeleton (Vaults:2)
  A redback (shapeshifter) (Depths:4)
  A deep troll zombie (Crypt:3)
  Menkaure (D:7)
  31 nagas
  17 spatial vortices (Abyss:3)
  2 harpy simulacra
  An acid dragon (D:14)
  A warg (Vaults:4)
  A hydra simulacrum (Hell)
  5 hell hounds (Abyss:3)
  A merfolk zombie (Crypt:1)
  16 water moccasins
  An entropy weaver zombie (Crypt:1)
  3 human simulacra
  3 faun skeletons
  2 floating eyes (Depths:4)
  A glowing shapeshifter skeleton (D:15)
  A sky beast (Abyss:2)
  3 ice beasts
  34 orc warriors
  2 black bears
  A manticore zombie (Crypt:2)
  A sky beast (shapeshifter) (Abyss:3)
  An alligator simulacrum (Hell)
  9 centaurs
  A boggart (D:12)
  6 ogres
  17 wolves
  A torpor snail zombie (Crypt:1)
  2 lemures (D:8)
  An elf simulacrum (Vaults:4)
  A phantom (D:4)
  62 small abominations
  2 kobold brigands
  7 elf zombies (Ossuary)
  10 bullfrogs
  4 necrophages
  2 gnoll sergeants
  A water moccasin zombie (Crypt:3)
  3 scorpions
  A cyclops skeleton (Crypt:2)
  7 wights
  38 killer bees
  A queen bee zombie (Crypt:2)
  A polar bear zombie (Crypt:3)
  A yak zombie (Crypt:1)
  7 howler monkeys
  A polar bear skeleton (Crypt:1)
  6 electric eels
  A crimson imp (Abyss:3)
  3 quasits (Abyss:3)
  3 centaur zombies
  4 jellies
  Crazy Yiuf (D:7)
  3 human zombies (Ossuary)
  9 hounds
  19 orc priests
  4 iron imps
  A scorpion zombie (Crypt:1)
  Ijyb (D:5)
  2 iguanas
  25 orc wizards
  Natasha (twice) (D:3)
  6 hell rats (Hell)
  An ice beast zombie (Crypt:2)
  22 mummies
  9 gnolls
  16 adders
  4 river rats
  4 shadow imps
  10 white imps
  6 ufetubi
  2 adder zombies (D:5)
  An adder skeleton (Crypt:2)
  A worm (D:2)
  The ghost of fly the Sneak, a weakling DgDe (D:5)
  4 dart slugs
  71 orcs
  15 bats
  A bat skeleton (Crypt:2)
  11 endoplasms
  4 giant cockroaches
  9 goblins
  9 hobgoblins
  8 jackals
  19 kobolds
  A quokka (D:4)
  A river rat zombie (Crypt:3)
  16 ball pythons
  6 frilled lizards
  2 rats (D:3)
  A bush (D:14)
  A creeping inferno (Hell)
  5 fire vortices (Hell)
  2 lurking horrors (Abyss:3)
  26 starspawn tentacles
  3 tentacles (Shoals:2)
3130 creatures vanquished.

Vanquished Creatures (collateral kills)
  Mennas (Crypt:3)
  A profane servitor (Tar:7)
  An acid blob (Slime:5)
  2 azure jellies (Slime:5)
  A ghoul (Crypt:3)
  A quicksilver ooze (Slime:5)
  A dancing weapon (Elf:2)
  2 deep elf archers (Elf:2)
  A harpy simulacrum (Crypt:3)
  An earth elemental (Elf:2)
12 creatures vanquished.

Vanquished Creatures (others)
  A vampire knight (Crypt:1)
  A spriggan air mage (Depths:2)
  A satyr (Shoals:4)
  A boulder beetle (Vaults:3)
  An ironbound convoker (Vaults:3)
  2 deep elf pyromancers
  2 deep elf zephyrmancers
  A manticore (Shoals:4)
  A raiju (Abyss:3)
  5 spriggans (Depths:2)
  A naga (Snake:2)
  An orc warrior (D:14)
  An orc wizard (Vaults:5)
  A hell rat (Hell)
  A ball python (D:5)
  8 foxfires (Abyss:2)
  18 fungi
  5 lurking horrors
  106 plants
  36 starspawn tentacles
  9 tentacles (Shoals:2)
  A withered plant (D:15)
204 creatures vanquished.

Grand Total: 3346 creatures vanquished

Notes
Turn   | Place    | Note
-------+----------+-------------------------------------------
     0 | D:1      | Ijustatesigmund the Gargoyle Fighter began the quest for
                  | the Orb.
     0 | D:1      | Reached XP level 1. HP: 14/14 MP: 1/1
   100 | D:1      | Found a faded altar of an unknown god.
   189 | D:1      | Reached XP level 2. HP: 19/19 MP: 2/2
   776 | D:2      | Reached XP level 3. HP: 20/24 MP: 3/3
  1506 | D:2      | Reached XP level 4. HP: 29/30 MP: 4/4
  1624 | D:3      | Noticed Natasha
  1626 | D:3      | Found the +7 Kryia's mail coat {PotionHeal*2 rC+}
  1629 | D:3      | Killed Natasha
  1874 | D:3      | Noticed Sigmund
  1885 | D:3      | Killed Sigmund
  1886 | D:3      | Reached skill level 5 in Fighting
  1886 | D:3      | Reached XP level 5. HP: 19/36 MP: 5/5
  1886 | D:3      | Reached XP level 6. HP: 21/40 MP: 6/6
  2414 | D:3      | Noticed Natasha
  2434 | D:3      | Killed Natasha
  2694 | D:4      | Noticed Grinder
  2706 | D:4      | Paralysed by Grinder for 3 turns
  2720 | D:4      | Paralysed by Grinder for 5 turns
  2740 | D:4      | Killed Grinder
  2741 | D:4      | Reached skill level 5 in Maces & Flails
  2741 | D:4      | Reached XP level 7. HP: 23/46 MP: 7/7
  3594 | D:4      | Noticed Eustachio
  3632 | D:4      | Killed Eustachio
  3633 | D:4      | Reached skill level 5 in Armour
  3633 | D:4      | Reached XP level 8. HP: 8/53 MP: 8/8
  4494 | D:5      | Entered Level 5 of the Dungeon
  4518 | D:5      | Noticed Ijyb
  4548 | D:5      | Killed Ijyb
  4565 | D:5      | Found a glowing drain.
  4643 | D:5      | You fall into a shaft and drop 1 floor!
  4823 | D:6      | Found a snail-covered altar of Cheibriados.
  4919 | D:6      | Found Boatt's Antique Armour Shoppe.
  4985 | Sewer    | Entered a sewer
  5454 | Sewer    | Reached skill level 1 in Evocations
  6103 | D:5      | Found a transporter.
  6114 | D:5      | Noticed fly's ghost (weakling DgDe)
  6118 | D:5      | Found a transporter.
  6274 | D:5      | Found a basalt altar of Yredelemnul.
  6609 | D:5      | Reached XP level 9. HP: 59/60 MP: 9/9
  6711 | D:6      | Found Vugeug's Jewellery Shop.
  6729 | D:6      | Found a glowing silver altar of Zin.
  6729 | D:6      | Noticed an angel
  6982 | D:6      | Found a staircase to the Ecumenical Temple.
  7005 | Temple   | Entered the Ecumenical Temple
  7092 | Temple   | Became a worshipper of the Shining One
  7162 | D:6      | Reached skill level 1 in Invocations
  7691 | D:6      | Found Rupheergh's Distillery.
  7699 | D:6      | Bought a potion of curing for 45 gold pieces
  7699 | D:6      | Bought a potion of curing for 45 gold pieces
  7699 | D:6      | Bought a potion of curing for 45 gold pieces
  7699 | D:6      | Bought 2 potions of heal wounds for 150 gold pieces
  7843 | D:7      | Reached XP level 10. HP: 54/68 MP: 13/13
  7846 | D:7      | Reached skill level 10 in Fighting
  8011 | D:7      | Noticed Menkaure
  8036 | D:7      | Killed Menkaure
  8037 | D:7      | Reached skill level 5 in Invocations
  8553 | D:7      | Found a shadowy altar of Dithmenos.
  8961 | D:7      | Reached * piety under the Shining One
  9182 | D:7      | Found a runed translucent door.
  9183 | D:7      | Noticed Crazy Yiuf
  9189 | D:7      | Killed Crazy Yiuf
  9369 | D:8      | Noticed Pikel
  9386 | D:8      | Killed Pikel
  9402 | D:8      | Found a sand-covered staircase.
  9411 | Ossuary  | Entered an ossuary
  9557 | Ossuary  | Reached ** piety under the Shining One
  9703 | D:8      | Noticed Maggie
  9721 | D:8      | Killed Maggie
  9879 | D:8      | Noticed Maurice
  9912 | D:8      | Killed Maurice
  9913 | D:8      | Reached skill level 10 in Maces & Flails
 10168 | D:8      | Reached XP level 11. HP: 59/74 MP: 16/16
 10400 | D:8      | Found a shimmering blue altar of Sif Muna.
 10475 | D:8      | Found a staircase to the Lair.
 11053 | D:5      | Killed fly's ghost
 11082 | D:5      | Identified a scroll of acquirement
 11082 | D:5      | Acquired a +2 helmet of see invisible
 11245 | D:9      | Found a sparkling altar of Nemelex Xobeh.
 11520 | D:9      | Found a staircase to the Orcish Mines.
 11595 | D:9      | Noticed a two-headed ogre
 11611 | D:9      | Killed a two-headed ogre
 11908 | D:9      | Found an iron altar of Okawaru.
 12013 | D:9      | Identified the +0 pair of gloves of the Dwarven Hall {rC+
                  | Regen+ rCorr}
 12046 | D:9      | Found an opulent altar of Gozag.
 12254 | D:10     | Entered Level 10 of the Dungeon
 12465 | D:10     | Acquired 826 gold pieces
 12572 | D:6      | Bought the +4 moon troll leather armour {Spirit, Regen++
                  | MP+5} for 1253 gold pieces
 12572 | D:6      | Found the +4 moon troll leather armour {Spirit, Regen++
                  | MP+5}
 12746 | D:10     | Noticed Urug
 12768 | D:10     | Killed Urug
 12769 | D:10     | Reached skill level 1 in Dodging
 13103 | D:11     | Reached *** piety under the Shining One
 13440 | D:11     | Noticed a manticore
 13448 | D:11     | Killed a manticore
 13493 | D:11     | Noticed a two-headed ogre
 13505 | D:11     | Killed a two-headed ogre
 13506 | D:11     | Reached skill level 5 in Shields
 13647 | D:11     | Noticed a two-headed ogre
 13661 | D:11     | Killed a two-headed ogre
 13662 | D:11     | Reached XP level 12. HP: 34/81 MP: 3/18
 14288 | D:12     | Noticed a centaur warrior
 14295 | D:12     | Killed a centaur warrior
 14455 | D:12     | Reached skill level 10 in Invocations
 14555 | D:12     | Noticed an ogre mage
 14559 | D:12     | Paralysed by an ogre mage for 3 turns
 14563 | D:12     | Killed an ogre mage
 14569 | D:12     | Noticed a fire dragon
 14570 | D:12     | Noticed a deep elf knight
 14575 | D:12     | Identified the amulet "Anoirph" {Acrobat Rampage rF+
                  | Regen+}
 14575 | D:12     | Noticed a rakshasa
 14611 | D:12     | Killed a fire dragon
 14636 | D:12     | Killed a rakshasa
 14640 | D:12     | Killed a deep elf knight
 14798 | D:12     | Reached skill level 5 in Dodging
 14983 | D:12     | Reached XP level 13. HP: 85/85 MP: 21/21
 15919 | D:13     | Found a corrupted altar of Lugonu.
 15988 | D:13     | Found a portal to a secret trove of treasure.
 16023 | D:14     | Reached **** piety under the Shining One
 16332 | D:14     | Noticed a vault guard
 16388 | D:14     | Killed a vault guard
 16705 | D:14     | Noticed Malachi's ghost (journeyman DrAE)
 16707 | D:14     | Found a transporter.
 16707 | D:14     | Identified the +10 great mace of Callousness {freeze,
                  | Dex+3}
 16707 | D:14     | Noticed a frost giant
 16708 | D:14     | Noticed a fire giant
 17051 | D:14     | Reached ***** piety under the Shining One
 17214 | D:14     | Noticed a vault guard
 17216 | D:14     | Noticed Snorg
 17239 | D:14     | Killed a vault guard
 17265 | D:14     | Killed Snorg
 17348 | D:14     | Found a gate to the Vaults.
 17348 | D:14     | Noticed a vault guard
 17348 | D:14     | Noticed a vault guard
 17375 | D:14     | Killed a vault guard
 17388 | D:14     | Killed a vault guard
 17389 | D:14     | Gained mutation: Your large and strong wings let you fly.
                  | [Gargoyle growth]
 17389 | D:14     | Reached XP level 14. HP: 94/94 MP: 21/23
 17727 | D:15     | Entered Level 15 of the Dungeon
 17728 | D:15     | Found a staircase to the Depths.
 19210 | Lair:1   | Entered Level 1 of the Lair of Beasts
 19454 | Lair:1   | Identified the +2 robe of Lennus {Harm Str+6}
 20002 | Lair:2   | Identified the +8 chain mail "Sucvoq" {-Cast rF+ Slay+6}
 20999 | Lair:2   | Found a snail-covered altar of Cheibriados.
 21398 | Lair:3   | Reached XP level 15. HP: 93/101 MP: 23/25
 21587 | Lair:3   | Found a staircase to the Snake Pit.
 21830 | Lair:3   | Reached skill level 15 in Fighting
 22004 | Lair:3   | Found a staircase to the Shoals.
 22160 | Lair:3   | Identified the +1 falchion "Jeucwook" {flame, rElec Str+4
                  | Int+3}
 23445 | Lair:5   | Entered Level 5 of the Lair of Beasts
 23727 | Lair:5   | Reached skill level 15 in Invocations
 23832 | Lair:5   | Found a viscous altar of Jiyva.
 23832 | Lair:5   | Found a staircase to the Slime Pits.
 23955 | Lair:5   | Reached ****** piety under the Shining One
 25437 | Lair:5   | Found a corrupted altar of Lugonu.
 25437 | Lair:5   | Found a one-way gate to the infinite horrors of the Abyss.
 25449 | Lair:5   | Got the Lectures on the Productive Pyre
 25711 | Orc:1    | Entered Level 1 of the Orcish Mines
 26080 | Orc:1    | Found Enweemia's Distillery.
 26239 | Orc:2    | Entered Level 2 of the Orcish Mines
 26436 | Orc:2    | Reached XP level 16. HP: 110/110 MP: 27/27
 26639 | Orc:2    | Found a staircase to the Elven Halls.
 26673 | Orc:2    | Learned a level 1 spell: Apportation
 26736 | Orc:2    | Found Cibb's Antique Armour Emporium.
 26815 | Orc:2    | Reached skill level 1 in Translocations
 26850 | Orc:2    | Bought a runed cloak for 277 gold pieces
 26954 | Orc:2    | Found Puygroce's Antique Weapon Shop.
 26954 | Orc:2    | Found Myotee's Antique Armour Shop.
 26977 | Orc:2    | Found Ycralidd's Assorted Antiques.
 26977 | Orc:2    | Found Xukozik's Weapon Emporium.
 27265 | Snake:1  | Entered Level 1 of the Snake Pit
 28902 | Snake:1  | Reached skill level 5 in Translocations
 29407 | Snake:2  | Noticed a nagaraja
 29425 | Snake:2  | Killed a nagaraja
 29845 | Snake:2  | Found Dikach's Distillery.
 29845 | Snake:2  | Noticed a nagaraja
 29847 | Snake:2  | Found Damyun's Armour Shop.
 29870 | Snake:2  | Killed a nagaraja
 29953 | Snake:2  | Found Laoragar's Antique Weapon Boutique.
 29957 | Snake:2  | Bought a potion of heal wounds for 90 gold pieces
 29957 | Snake:2  | Bought a potion of berserk rage for 90 gold pieces
 29957 | Snake:2  | Bought a potion of berserk rage for 90 gold pieces
 30060 | Snake:2  | Bought a twisted morningstar for 225 gold pieces
 30060 | Snake:2  | Identified the +3 morningstar of Uqaukusk {freeze, Dex+6}
                  | (You bought it in a shop on level 2 of the Snake Pit)
 30150 | Snake:2  | Noticed Vashnia
 30375 | Snake:2  | Reached XP level 17. HP: 111/115 MP: 22/29
 30418 | Snake:2  | Killed Vashnia
 31269 | Snake:3  | Noticed Agnes
 31296 | Snake:3  | Killed Agnes
 31770 | Snake:4  | Entered Level 4 of the Snake Pit
 31809 | Snake:4  | Noticed Aizul
 31823 | Snake:4  | Killed Aizul
 33048 | Snake:4  | Reached skill level 10 in Translocations
 33230 | Snake:4  | Got a serpentine rune of Zot
 33496 | Shoals:1 | Entered Level 1 of the Shoals
 33592 | Shoals:1 | Found Dusoveick's Armour Shoppe.
 33596 | Shoals:1 | Reached XP level 18. HP: 110/120 MP: 27/31
 33862 | Shoals:1 | Found Olitt's General Store.
 33954 | Shoals:1 | Bought a scroll of silence for 161 gold pieces
 33954 | Shoals:1 | Bought a scroll of poison for 68 gold pieces
 33954 | Shoals:1 | Bought a scroll of poison for 68 gold pieces
 33958 | Shoals:1 | Learned a level 3 spell: Lesser Beckoning
 34252 | Shoals:1 | Found Qiase's Book Shop.
 34385 | Shoals:1 | Identified the +6 hand axe of Excruciating Pain {protect,
                  | rElec rC+++ Dex-5 Stlth+}
 34711 | Shoals:2 | Reached skill level 15 in Maces & Flails
 34728 | Shoals:2 | Found Qucetiuq's Mayhem Merchandise.
 34882 | Shoals:2 | Identified the +1 robe "Nybbifa" {Str+2}
 35623 | Shoals:3 | Noticed Ilsuiw
 35721 | Shoals:3 | Killed Ilsuiw
 36179 | Shoals:3 | Reached skill level 5 in Evocations
 36589 | Shoals:4 | Entered Level 4 of the Shoals
 36741 | Shoals:4 | Reached skill level 10 in Armour
 36858 | Shoals:4 | Reached XP level 19. HP: 127/127 MP: 33/33
 37209 | Shoals:4 | Got the Quarto of the Rank Tesseract
 37403 | Shoals:4 | Got a barnacled rune of Zot
 37846 | Vaults:1 | Entered Level 1 of the Vaults
 38457 | Vaults:1 | Noticed Nikola
 38499 | Vaults:1 | Killed Nikola
 39351 | Vaults:2 | Reached skill level 10 in Shields
 39806 | Vaults:2 | Noticed Asterion
 39806 | Vaults:2 | You are sucked into a shaft and drop 2 floors!
 40129 | Vaults:4 | Noticed Sojobo
 40146 | Vaults:4 | Paralysed by an air elemental for 1 turns
 40305 | Vaults:4 | Reached XP level 20. HP: 93/135 MP: 7/34
 40515 | Vaults:4 | Paralysed by a great orb of eyes for 5 turns
 40547 | Vaults:4 | Paralysed by an air elemental for 1 turns
 40557 | Vaults:4 | Paralysed by an air elemental for 1 turns
 40562 | Vaults:4 | Paralysed by an air elemental for 1 turns
 40565 | Vaults:4 | Paralysed by an air elemental for 1 turns
 40568 | Vaults:4 | Paralysed by an air elemental for 1 turns
 40576 | Vaults:4 | Killed Sojobo
 40945 | Vaults:4 | Noticed Donald
 40958 | Vaults:4 | Killed Donald
 41073 | Vaults:4 | Noticed Corraure's ghost (adept FoFi)
 41074 | Vaults:4 | Found a transporter.
 41089 | Vaults:4 | Found a transporter.
 41289 | Vaults:4 | Noticed Saint Roka
 41310 | Vaults:4 | Killed Saint Roka
 43461 | Vaults:3 | Found a staircase to the Crypt.
 43739 | Vaults:2 | Reached XP level 21. HP: 135/142 MP: 33/35
 43908 | Vaults:2 | Killed Asterion
 44070 | Abyss:2  | Cast into level 2 of the Abyss (a wizard)
 44141 | Vaults:2 | Escaped the Abyss
 44356 | Vaults:2 | Identified the +4 bardiche of Okawaru's Whim {spect, Str+4
                  | Dex+3 SInv}
 44769 | Vaults:5 | Entered Level 5 of the Vaults
 44888 | Vaults:4 | Killed Corraure's ghost
 44899 | Vaults:4 | Identified the amulet of Wikliqan {Faith Str+4 SInv}
 45094 | Crypt:1  | Entered Level 1 of the Crypt
 45390 | Crypt:1  | Noticed Vv
 45420 | Crypt:1  | Reached skill level 10 in Evocations
 45481 | Crypt:1  | Noticed Jory
 45503 | Crypt:1  | Killed Jory
 45641 | Crypt:1  | Noticed Frederick
 45674 | Crypt:2  | Killed Frederick
 46014 | Crypt:1  | Noticed Bai Suzhen
 46045 | Crypt:1  | Killed Bai Suzhen
 46392 | Crypt:1  | Killed Vv
 47043 | Crypt:2  | Reached XP level 22. HP: 150/150 MP: 37/37
 47594 | Crypt:3  | Entered Level 3 of the Crypt
 47600 | Crypt:3  | Paralysed by a vampire knight for 4 turns
 47924 | Crypt:3  | Noticed Mennas
 47958 | Crypt:3  | Killed Mennas
 48013 | Crypt:3  | Noticed a royal mummy
 48022 | Crypt:3  | Killed a royal mummy
 48090 | Crypt:3  | Found an ancient bone altar of Kikubaaqudgha.
 48093 | Crypt:3  | Found a basalt altar of Yredelemnul.
 48106 | Crypt:3  | Got the Textbook on Iniquitous Magic and Toxins
 48485 | Crypt:3  | Found a staircase to the Tomb.
 49242 | Vaults:5 | Noticed a dread lich
 49300 | Vaults:4 | Paralysed by a dread lich for 5 turns
 49307 | Vaults:4 | Killed a dread lich
 49533 | Vaults:5 | Noticed a dread lich
 49533 | Vaults:5 | Noticed a golden dragon
 49557 | Vaults:5 | Killed a dread lich
 49561 | Vaults:5 | Killed a golden dragon
 49602 | Vaults:5 | Identified the ring of Obagauw {Wiz rPois Str+2 Slay+2}
 49618 | Vaults:5 | Reached XP level 23. HP: 82/157 MP: 21/38
 49844 | Vaults:5 | Identified the +12 short sword "Qenuch" {pain, Int+3}
 50087 | Vaults:5 | Identified the +3 plate armour "Uwnekh" {+Blink rF+ Int+3}
 50174 | Vaults:5 | Identified the +8 double sword of the Bruised Stories
                  | {vorpal, Fly Str+4 Dex+3}
 50211 | Vaults:5 | Found Qoufuqi's Weapon Shop.
 50390 | Vaults:5 | Noticed a golden dragon
 50408 | Vaults:5 | Killed a golden dragon
 50776 | Vaults:5 | Got a silver rune of Zot
 50778 | Vaults:5 | Identified the ring of Oveeburph {rC+ Str+6 Slay+5}
 51123 | Vaults:5 | Identified the +11 shortbow "Huc Siob" {speed, rPois Str-2
                  | Dex+4 SInv}
 51327 | Depths:1 | Entered Level 1 of the Depths
 51571 | Depths:1 | Noticed an ancient lich
 51846 | Depths:1 | Paralysed by an ogre mage for 5 turns
 52219 | D:15     | Killed an ancient lich
 52426 | Depths:1 | Got the Octavo of Amassed Fire
 52455 | Depths:1 | Paralysed by a sphinx for 5 turns
 52738 | Depths:1 | Found a one-way gateway to a ziggurat.
 52744 | Depths:1 | Found a gateway to Hell.
 52920 | Depths:1 | Found the +6 Majin-Bo {vamp, MP+6 Int+6}
 53193 | Depths:1 | Noticed a caustic shrike
 53194 | Depths:1 | Noticed a caustic shrike
 53195 | Depths:1 | Noticed a caustic shrike
 53197 | Depths:1 | Noticed a caustic shrike
 53208 | Depths:1 | Killed a caustic shrike
 53208 | Depths:1 | Noticed a caustic shrike
 53211 | Depths:1 | Killed a caustic shrike
 53212 | Depths:1 | Reached XP level 24. HP: 164/164 MP: 37/38
 53218 | Depths:1 | Killed a caustic shrike
 53227 | Depths:1 | Killed a caustic shrike
 53236 | Depths:1 | Killed a caustic shrike
 53786 | Depths:2 | Reached skill level 10 in Dodging
 54348 | Depths:2 | Found a bloodstained altar of Trog.
 54847 | Depths:2 | Identified the +8 giant club "Uxisasm" {elec, rF+ Int+3}
 54847 | Depths:2 | Identified the +0 giant club of Gin and Tonic {freeze,
                  | Will+ Str+3}
 54860 | Depths:2 | Noticed the Enchantress
 55183 | Depths:2 | Killed the Enchantress
 55215 | Depths:2 | Identified a +6 sacred scourge of holy wrath (a +4 demon
                  | whip of venom blessed by the Shining One)
 55215 | Depths:2 | Received a gift from the Shining One
 55228 | Depths:2 | Found a one-way gate leading to the halls of Pandemonium.
 55286 | Depths:2 | Got the Teachings on Incendiary Evil Liturgies
 55770 | Depths:2 | Learned a level 4 spell: Manifold Assault
 56403 | Depths:3 | Found Jorghuin's Antique Weapon Emporium.
 56807 | Depths:3 | Identified the ring of Bijoby {Drain rPois Dex+4 SInv}
 57313 | Depths:4 | Entered Level 4 of the Depths
 57481 | Depths:4 | Reached XP level 25. HP: 172/172 MP: 39/39
 57533 | Depths:4 | Paralysed by a floating eye for 3 turns
 57543 | Depths:4 | Paralysed by a floating eye for 4 turns
 57695 | Depths:4 | Found Fuxixodu's Antique Weapon Emporium.
 57810 | Depths:4 | Noticed Grunn
 57849 | Depths:4 | Killed Grunn
 58074 | Depths:4 | Reached skill level 15 in Shields
 58724 | Depths:4 | Found a gate to the Realm of Zot.
 59047 | Elf:1    | Entered Level 1 of the Elven Halls
 59047 | Elf:1    | Found a runed translucent gate.
 59047 | Elf:1    | Found a runed translucent gate.
 59047 | Elf:1    | Found a runed translucent gate.
 59047 | Elf:1    | Found a runed translucent gate.
 59047 | Elf:1    | Found a runed translucent gate.
 59047 | Elf:1    | Found a runed translucent gate.
 59049 | Elf:1    | Found a runed translucent door.
 59061 | Elf:1    | Found a runed translucent door.
 59092 | Elf:1    | Noticed Frances
 59398 | Elf:1    | Noticed Kirke
 59419 | Elf:1    | Killed Kirke
 59622 | Elf:2    | Upgraded the game from 0.30-a0-169-g06f667207d to
                  | 0.30-a0-178-g4db885d750
 60139 | Elf:2    | Found a huge runed translucent gate.
 60139 | Elf:2    | Found a huge runed translucent gate.
 60139 | Elf:2    | Found a huge runed translucent gate.
 60143 | Elf:2    | Found a huge runed translucent gate.
 60143 | Elf:2    | Found a huge runed translucent gate.
 60625 | Elf:3    | Entered Level 3 of the Elven Halls
 60671 | Elf:3    | Found Cyluatzo's Weapon Boutique.
 60912 | Abyss:2  | Cast into level 2 of the Abyss (a deep elf sorcerer)
 60967 | Abyss:2  | Reached XP level 26. HP: 180/180 MP: 39/39
 60973 | Abyss:2  | Paralysed by accursed screaming for 1 turns
 61059 | Abyss:2  | Reached skill level 15 in Armour
 61209 | Abyss:2  | Gained mutation: You have sharp toenails. [a neqoxec]
 61275 | Elf:3    | Escaped the Abyss
 61523 | Elf:3    | Identified the +0 scale mail "Inot" {Fly rC- Stlth+}
 61568 | Elf:3    | Identified the +7 quarterstaff of Doseuz {flame, Str+7
                  | Int-3}
 61572 | Elf:3    | Identified the +1 leather armour of a wizard's laboratory
                  | {rPois SInv}
 61586 | Elf:3    | Identified the +1 robe of the Thoughtful Stories {Rampage
                  | Str+7}
 61586 | Elf:3    | Identified the ring of Yloshrid {rN+ Str+2}
 61604 | Elf:3    | Identified the +5 scimitar of Governance {flame, rF- Int+7}
 61604 | Elf:3    | Identified the ring "Ytafik" {rN+ Will++ Slay+4}
 61704 | Elf:3    | Got the Compendium of the Gusty Undead
 61714 | Elf:3    | Identified the +6 spear of the Jumping Gods {pain, Str+6
                  | Int+3}
 62039 | Elf:1    | Killed Frances
 62227 | Hell     | Entered the Vestibule of Hell
 62227 | Hell     | Noticed Geryon
 62561 | Hell     | Reached skill level 1 in Spellcasting
 62570 | Hell     | Killed Geryon
 62773 | Hell     | Found a gateway to the freezing wastes of Cocytus.
 62879 | Hell     | Found a gateway to the Iron City of Dis.
 62917 | Hell     | Found a gateway to the ashen valley of Gehenna.
 62966 | Hell     | Found a gateway to the decaying netherworld of Tartarus.
 63477 | Tomb:1   | Entered Level 1 of the Tomb of the Ancients
 63604 | Tomb:1   | Paralysed by a sphinx for 5 turns
 63752 | Tomb:1   | Reached XP level 27. HP: 193/193 MP: 39/39
 63946 | Tomb:1   | Noticed a royal mummy
 63956 | Tomb:1   | Killed a royal mummy
 64107 | Tomb:1   | Identified the +5 scale mail of the Forest {Harm rPois}
 64697 | Tar:1    | Entered Level 1 of Tartarus
 64776 | Abyss:2  | Cast into level 2 of the Abyss (reaper)
 65639 | Abyss:2  | Gained mutation: Armour fits poorly on your strangely
                  | shaped body. [a neqoxec]
 65643 | Abyss:2  | Gained mutation: You are strong-willed. (Will+) [a neqoxec]
 66504 | Abyss:3  | Found a corrupted altar of Lugonu.
 66624 | Abyss:3  | Found a corrupted altar of Lugonu.
 66638 | Abyss:3  | Reached skill level 27 in Fighting
 66680 | Abyss:3  | Learned a level 2 spell: Wereblood
 66755 | Abyss:3  | Reached skill level 1 in Transmutations
 66880 | Abyss:3  | Noticed a dread lich
 66903 | Abyss:3  | Killed a dread lich
 66981 | Abyss:3  | Noticed an ancient lich
 66991 | Abyss:3  | Killed an ancient lich
 67066 | Abyss:3  | Gained mutation: You are weak. (Str -2) [a neqoxec]
 67384 | Abyss:3  | Gained mutation: Your magical capacity is low. (-10% MP) [a
                  | neqoxec]
 67412 | Abyss:3  | Reached skill level 5 in Transmutations
 67651 | Abyss:3  | Reached skill level 15 in Dodging
 67687 | Abyss:3  | Paralysed by accursed screaming for 1 turns
 67956 | Abyss:3  | Found an ornate altar of the Wu Jian Council.
 67976 | Abyss:3  | Found a hazy altar of Hepliaklqana.
 68341 | Abyss:3  | Gained mutation: You sometimes lose your temper in combat.
                  | [a cacodemon]
 68343 | Abyss:3  | Gained mutation: Your body sometimes deteriorates upon
                  | taking damage. [a cacodemon]
 68468 | Abyss:3  | Paralysed by accursed screaming for 1 turns
 68518 | Abyss:3  | Got an abyssal rune of Zot
 68542 | Tar:1    | Escaped the Abyss
 68574 | Tar:1    | Noticed a dread lich
 68575 | Tar:1    | Noticed a dread lich
 68579 | Tar:1    | Noticed an ancient lich
 68583 | Tar:1    | Noticed a dread lich
 68585 | Tar:1    | Killed a dread lich
 68586 | Tar:1    | Noticed an ancient lich
 68587 | Tar:1    | Killed a dread lich
 68595 | Tar:1    | Killed an ancient lich
 68601 | Tar:1    | Killed a dread lich
 68606 | Tar:1    | Killed an ancient lich
 69013 | Slime:1  | Entered Level 1 of the Pits of Slime
 69122 | Slime:1  | You are sucked into a shaft and drop 1 floor!
 69198 | Slime:2  | Noticed Dissolution
 69220 | Slime:2  | Killed Dissolution
 69276 | Slime:2  | Reached skill level 10 in Transmutations
 69676 | Slime:1  | Gained mutation: Your body often deteriorates upon taking
                  | damage. [a shining eye]
 69731 | Slime:1  | Gained mutation: You are clumsy. (Dex -2) [a shining eye]
 69735 | Slime:1  | Lost mutation: You sometimes lose your temper in combat. [a
                  | shining eye]
 69736 | Slime:1  | Gained mutation: You occasionally lose the ability to drink
                  | potions when taking damage. [a shining eye]
 69741 | Slime:1  | Gained mutation: Your spells are a little easier to cast,
                  | but a little less powerful. [a shining eye]
 70923 | Slime:5  | Entered Level 5 of the Pits of Slime
 72493 | Slime:5  | Noticed the Royal Jelly
 72514 | Slime:5  | Killed the Royal Jelly
 72668 | Slime:5  | Found the +7 Singing Sword {vorpal, sonic wave}
 72676 | Slime:5  | Got a slimy rune of Zot
 72682 | Slime:5  | Identified the +1 plate armour "Dyong" {MP+9 SInv}
 72736 | Slime:5  | Found the +7 sceptre of Torment {pain, torment}
 72761 | Slime:5  | Identified the +5 rapier of Ojesmecw {venom, Will+++ rCorr
                  | Str-4 SInv}
 72790 | Slime:5  | Identified the +2 leather armour of Wybluggakev {Rampage
                  | rN+}
 72808 | Slime:5  | Identified the +4 ice dragon scales of Resh {rPois rF- rC++
                  | Int+3 Dex+3}
 72998 | D:8      | Lost mutation: You are weak. (Str -2) [potion of mutation]
 72998 | D:8      | Lost mutation: Your spells are a little easier to cast, but
                  | a little less powerful. [potion of mutation]
 72998 | D:8      | Lost mutation: You occasionally lose the ability to drink
                  | potions when taking damage. [potion of mutation]
 72998 | D:8      | Gained mutation: Your spells are a little easier to cast,
                  | but a little less powerful. [potion of mutation]
 72998 | D:8      | Lost mutation: Armour fits poorly on your strangely shaped
                  | body. [potion of mutation]
 72998 | D:8      | Gained mutation: You are frail. (-10% HP) [potion of
                  | mutation]
 72998 | D:8      | Gained mutation: A frigid envelope surrounds you and
                  | freezes all who hurt you. [potion of mutation]
 72999 | D:8      | Lost mutation: You are clumsy. (Dex -2) [potion of
                  | mutation]
 72999 | D:8      | Lost mutation: Your spells are a little easier to cast, but
                  | a little less powerful. [potion of mutation]
 72999 | D:8      | Lost mutation: Your magical capacity is low. (-10% MP)
                  | [potion of mutation]
 72999 | D:8      | Lost mutation: You are frail. (-10% HP) [potion of
                  | mutation]
 72999 | D:8      | Gained mutation: You are robust. (+10% HP) [potion of
                  | mutation]
 74045 | Tar:5    | Reached skill level 27 in Invocations
 74804 | Tar:7    | Entered Level 7 of Tartarus
 75542 | Tar:7    | Identified the +7 spear of Might {venom, rC+ Will+ Int+4
                  | Dex+4}
 75878 | Tar:7    | Identified the +1 buckler of Peutyaru {rPois}
 76090 | Tar:7    | Got the Discursus on the Coarse Congregation
 76339 | Tar:7    | Noticed Ereshkigal
 76357 | Tar:7    | Killed Ereshkigal
 76358 | Tar:7    | Reached skill level 15 in Evocations
 76412 | Tar:7    | Got a bone rune of Zot
 76837 | Dis:1    | Entered Level 1 of the Iron City of Dis
 76946 | Dis:1    | Noticed an ancient lich
 76960 | Dis:1    | Killed an ancient lich
 77103 | Dis:2    | HP: 9/218 [iron golem (17)]
 77104 | Dis:2    | Slain by an iron golem

Illustrated notes

Levels and vault maps discovered:
D:1:      lightli_molten_gateway, layout_rooms,
          shapermc_ecumenical_altar_mp_highgroup, minmay_misc_feat_iff,
          solitary_fountain
D:2:      layout_loops_ring, patterned_corridor
D:3:      layout_basic, grunt_ministairs_8, uniq_sigmund, uniq_natasha
D:4:      layout_gridville, serial_bayou, serial_bayou_pond_b,
          serial_bayou_pond_e, serial_bayou_lake_a, serial_bayou_pond_e,
          serial_bayou_crossing, serial_bayou_pond_c, lightli_corner_chamber,
          uniq_grinder, uniq_eustachio
D:5:      layout_basic, lemuel_zombie_altar_yredelemnul, portal_sewer_entry_b,
          gammafunk_ghost_arena, uniq_ijyb
D:6:      layout_basic, zin_angel, cheibriados_altar_1,
          minmay_temple_entry_arrows, serial_shops, nicolae_take_the_stairs,
          shop, nicolae_shop_temple_entry_statues_fountains,
          grunt_ministairs_13, kennysheep_small_circle
D:7:      layout_basic, lemuel_tele_altar, grunt_ministairs_6,
          serial_bayou_lagoon_a, uniq_crazy_yiuf_cottage, uniq_menkaure
D:8:      layout_basic, mainiacjoe_overflow_concentric_impassable,
          erik_lair_island, enter_ossuary_1, kennysheep_generic_room_7,
          uniq_pikel, uniq_maggie, uniq_maurice
D:9:      layout_loops_ring, nemelex_xobeh_ov_fountains_minmay,
          mainiacjoe_overflow_boulevard, okawaru_altar_gauntlet_db,
          minmay_orc_entry_temple_small
D:10:     layout_gridville, kennysheep_generic_room_5, uniq_urug
D:11:     layout_cave_pods, minmay_holes
D:12:     minmay_the_grid_octo_2x2 [minmay_the_grid_octo_checkerflower,
          minmay_the_grid_octo_teeth, minmay_the_grid_octo_toaster,
          minmay_the_grid_octo_prize_big_c], layout_irregular_city,
          kennysheep_small_spiral
D:13:     layout_rooms, nicolae_trove_entry_crystal, tgw_lugonu_bribe
D:14:     layout_irregular_city, grunt_vaults_entry_fortified,
          minmay_hedge_maze, gammafunk_ghost_smash, uniq_snorg
D:15:     gammafunk_depths_entry_grave, layout_long_grid, grunt_decor_arrowhead
Temple:   jpeg_temple_clearing
Lair:1:   layout_regular_city
Lair:2:   regret_index_bee_streams, layout_chaotic_city, kennysheep_snail_temple
Lair:3:   dreamdust_cave_troll, layout_hall_layers,
          minmay_shoals_entry_lonely_mermaid,
          minmay_snake_entry_guardpost_small, serial_bayou_shore_a,
          grunt_megastairs_4, lemuel_fruit_fields
Lair:4:   layout_hall_layers, grunt_megastairs_1
Lair:5:   hellmonk_lair_end_abyssal_woods, layout_regular_city, slime_entry_1,
          grunt_megastairs_5
Shoals:1: layout_shoals, serial_shops, shop, shop, shop, nicolae_splish_splash
Shoals:2: layout_shoals, minmay_shop_mayhem
Shoals:3: layout_shoals, uniq_ilsuiw
Shoals:4: shoals_end_hellmonk_lost_city
Snake:1:  layout_layer_cave
Snake:2:  layout_cave_shapes, grunt_megastairs_3, minmay_shop_star, uniq_vashnia
Snake:3:  layout_cave_town, uniq_agnes
Snake:4:  johnstein_snake_rune_scales, layout_onion_interference,
          nicolae_triple_integral, uniq_aizul
Slime:1:  layout_caves
Slime:2:  layout_caves, dissolution_awaits, uniq_dissolution
Slime:3:  layout_caves
Slime:4:  layout_caves, nicolae_slime_phagocytosis
Slime:5
Orc:1:    layout_caves, basic_altar, serial_shops, shop
Orc:2:    st_orc_elflike, layout_caves, basic_altar, serial_shops, shop,
          nicolae_orc_crystal_geode
Elf:1:    nicolae_elf_arrival_dilemma, layout_rooms, serial_glass,
          glass_columns_c, glass_columns_b, glass_columns_a, glass_columns_b,
          glass_columns_b, glass_columns_a, lemuel_flamethrower_hall,
          uniq_kirke, uniq_frances
Elf:2:    elven_hall_of_blades_hangedman_alternative
          [mumra_blade_entry_bloodbath], layout_geoelf_octagon, st_stairs_1,
          guppyfry_elf_garden
Elf:3:    minmay_elf_hall_statues, layout_onion_city, serial_shops,
          nicolae_shop_bloodbath_and_beyond
Vaults:1: v_alt_pattern_2, nicolae_vaults_rhombus_7, v_misc_15, v_misc_26,
          nicolae_vaults_little_squares_1, nicolae_vaults_specimen_jars,
          v_misc_4, v_misc_17, hangedman_vaults_stagger, v_misc_4, v_misc_4,
          nicolae_vaults_little_squares_1, layout_vaults_maze, uniq_nikola
Vaults:2: st_diamondy, hangedman_vaults_stretched_pinwheel,
          hangedman_vaults_slice, vaults_room_door_hall, hangedman_vaults_locks,
          nicolae_vaults_arrows, v_misc_17, vaults_room_corners, v_pattern_4,
          vaults_room_semicircle, layout_vaults_omnibox, uniq_asterion
Vaults:3: grunt_vaults_twisty, hangedman_vaults_cutoff, vaults_dpeg_cross,
          minmay_crypt_entry_simple_walls, nicolae_vaults_murderbox, v_misc_16,
          ontoclasm_vaults_hangar, vaults_room_fours, v_misc_14,
          nicolae_vaults_network_quinsquares
          [nicolae_vaults_network_quincunx_subvault,
          nicolae_vaults_network_quincunx_subvault,
          nicolae_vaults_network_quincunx_subvault,
          nicolae_vaults_network_quincunx_subvault], vaults_room_grid,
          v_misc_29, ontoclasm_vaults_fault, layout_vaults_ring
Vaults:4: gammafunk_ghost_arena, ontoclasm_vaults_ring_large,
          hangedman_vaults_restitches, ontoclasm_vaults_fire_temple,
          ontoclasm_vaults_ligature, hangedman_vaults_maws,
          dpeg_vaults_monster_box, ontoclasm_vaults_decontamination,
          vaults_dpeg_ring, layout_vaults_omnigrid, uniq_sojobo, uniq_donald,
          uniq_saint_roka
Vaults:5
Crypt:1:  layout_chaotic_city, nicolae_crypt_crumbling_hall,
          grunt_crypt_arrival_webbed, uniq_jory, uniq_vv, uniq_bai_suzhen,
          uniq_frederick
Crypt:2:  layout_misc_corridors, lemuel_upstairs_altar
Crypt:3:  lightli_unholy_cathedral, layout_chaotic_city,
          tomb_entry_shell_bobbens, uniq_mennas
Tomb:1
Depths:1: layout_roguey [special_room_magic_class], enter_ziggurat_a,
          serial_co_window_serial, co_window_of_opportunity_a,
          co_window_cross_1, co_window_paths_b, co_window_paths_b,
          co_window_paths_a, co_window_cross_4, co_window_2corner,
          co_window_paths_c, co_window_unsneaky_path_e,
          co_window_of_opportunity_c, co_window_cross_3, co_window_4corner_a,
          glass_columns_a, glass_columns_b, glass_columns_a,
          hangedman_coc_ice_floe, serial_bayou_shore_b
Depths:2: spriggan_forest, pan_entry, hell_entry
Depths:3: minmay_quantized_circle, layout_basic, serial_shops,
          kennysheep_mini_moat, abyss_entry_crystal,
          pf_vacation_house_of_asmodeus, kennysheep_underground_church,
          infiniplex_staircase_zigzag_2
Depths:4: grunt_zot_entry_hairpin, layout_basic, serial_shops, shop_fountains,
          pf_hell_entry_tar_river, minmay_misc_feat_tower, uniq_grunn
Hell
Dis:1:    layout_subdivisions
Dis:2:    layout_overlapping_boxes
Tar:1:    nicolae_tar_intersect_combbox, layout_cathedral_of_symmetry,
          nicolae_hells_leichenhalle
Tar:2:    layout_catacombs, nicolae_tar_cuneiform_sun
Tar:3:    layout_cathedral_of_symmetry
Tar:4:    layout_cathedral_of_symmetry
Tar:5:    layout_cathedral_of_symmetry
Tar:6:    layout_catacombs
Tar:7:    tar_mu [tar_mu_maze]

Skill      XL: |  1  2  3  4  5  6  7  8  9 10 11 12 13 14 15 16 17 18 19 20 21 22 23 24 25 26 27 |
---------------+----------------------------------------------------------------------------------+-----
Fighting       | 4 5 6 7 8 9 11 13 14 16 17 18 19 20 21 22 25 27 | 27.0
Maces & Flails | 3 4 5 7 8 10 11 13 14 15 16 17 18 19 | 19.6
Armour         | 4 5 6 8 9 10 11 12 13 14 16 | 16.2
Evocations     | 2 3 5 7 9 10 15 | 15.9
Invocations    | 4 7 9 10 12 14 15 17 19 20 21 22 23 24 25 27 | 27.0
Dodging        | 2 5 6 7 8 9 11 12 17 | 17.3
Shields        | 5 7 8 9 10 11 13 14 16 19 | 19.1
Translocations | 7 10 11 | 11.1
Spellcasting   | 6 |  6.5
Transmutations | 11 | 11.0

Action                   |  1- 3 |  4- 6 |  7- 9 | 10-12 | 13-15 | 16-18 | 19-21 | 22-24 | 25-27 || total
-------------------------+-------+-------+-------+-------+-------+-------+-------+-------+-------++-------
Melee: Flail             |    91 |   107 |   539 |   911 |  2383 |   702 |       |       |       ||  4733
       Morningstar       |       |       |       |       |       |  1145 |  2127 |  1690 |       ||  4962
       Sacred scourge    |       |       |       |       |       |       |       |   367 |  3959 ||  4326
 Cast: Lesser Beckoning  |       |       |       |       |       |     3 |     3 |     5 |    23 ||    34
       Manifold Assault  |       |       |       |       |       |       |       |       |    70 ||    70
       Apportation       |       |       |       |       |       |       |       |       |     1 ||     1
Invok: Divine Shield     |       |       |       |     7 |     3 |     8 |    17 |     8 |    22 ||    65
       Cleansing Flame   |       |       |       |       |       |     7 |    18 |    16 |    32 ||    73
       Summon Divine War |       |       |       |       |       |       |     1 |     1 |     4 ||     6
       Brand Weapon With |       |       |       |       |       |       |       |     1 |       ||     1
Evoke: Wand              |       |       |     1 |     7 |    12 |     4 |    15 |     1 |     1 ||    41
  Use: Scroll            |     6 |       |    13 |    12 |     9 |     2 |    15 |     4 |    12 ||    73
       Potion            |       |     4 |     5 |     6 |       |       |    19 |     5 |     9 ||    48
Armor: Scale mail        |    38 |    49 |   131 |       |       |       |       |       |       ||   218
       Chain mail        |       |       |   212 |   211 |       |       |       |       |       ||   423
       Troll leather arm |       |       |       |   171 |  1409 |   842 |   890 |   763 |       ||  4075
       Acid dragon scale |       |       |       |       |       |       |       |   120 |  1077 ||  1197
Dodge: Dodged            |    40 |    24 |   197 |   231 |  1483 |   727 |  1186 |  1192 |  1120 ||  6200
Block: Buckler           |    36 |    49 |   288 |       |       |       |       |       |       ||   373
       Reflection        |       |     1 |     4 |    29 |     4 |   157 |    95 |    32 |    90 ||   412
       Kite shield       |       |       |    27 |   802 |  2208 |  1840 |  2399 |  2104 |  2522 || 11902

Table legend: (Time is in decaauts)
 A = Elapsed time spent in this place.
 B = Non-inter-level travel time spent in this place.
 C = Inter-level travel time spent in this place.
 D = Time resting spent in this place.
 E = Time spent auto-exploring this place.
 F = Levels seen in this place.
 G = Mean time per level.
                   A        B        C        D        E       F      G
               +--------+--------+--------+--------+--------+-----+--------+
         Total |  74933 |  68839 |   6094 |   7779 |  42334 |  68 | 1102.0 |
       Dungeon |  20283 |  18200 |   2083 |   3493 |  10699 |  15 | 1352.2 |
        Temple |    105 |     69 |     36 |      0 |     55 |   1 |  105.0 |
          Lair |   6656 |   5697 |    959 |     14 |   4065 |   5 | 1331.2 |
        Shoals |   4036 |   3875 |    161 |    168 |   2590 |   4 | 1009.0 |
     Snake Pit |   6066 |   5884 |    182 |    556 |   4014 |   4 | 1516.5 |
    Slime Pits |   3699 |   3568 |    131 |   1047 |   1709 |   5 |  739.8 |
  Orcish Mines |   1393 |   1328 |     65 |    120 |    775 |   2 |  696.5 |
   Elven Halls |   2473 |   2296 |    177 |      7 |   1581 |   3 |  824.3 |
        Vaults |   9562 |   8662 |    900 |   1073 |   5012 |   5 | 1912.4 |
         Crypt |   3783 |   3388 |    395 |    359 |   1857 |   3 | 1261.0 |
          Tomb |    908 |    822 |     86 |      9 |    464 |   1 |  908.0 |
        Depths |   6933 |   6410 |    523 |    689 |   4227 |   4 | 1733.2 |
          Hell |    567 |    433 |    134 |      0 |    209 |   1 |  567.0 |
           Dis |    218 |    201 |     17 |      8 |    101 |   2 |  109.0 |
      Tartarus |   3545 |   3307 |    238 |    164 |   2419 |   7 |  506.4 |
         Abyss |   3599 |   3599 |      0 |     55 |   1865 |   4 |  899.8 |
         Sewer |    878 |    878 |      0 |      0 |    628 |   1 |  878.0 |
       Ossuary |    220 |    220 |      0 |     15 |     62 |   1 |  220.0 |
               +--------+--------+--------+--------+--------+-----+--------+

Top non-repeatable levels by time:
Vaults:4: 3011 daAuts
Depths:2: 2197 daAuts
 Snake:1: 2173 daAuts
    D:15: 2091 daAuts
    D:14: 2081 daAuts
 Abyss:2: 1912 daAuts
Depths:1: 1900 daAuts
   Tar:7: 1873 daAuts
     D:4: 1864 daAuts
Vaults:3: 1845 daAuts
  Lair:5: 1829 daAuts
     D:8: 1812 daAuts
 Abyss:3: 1687 daAuts
Vaults:5: 1674 daAuts
     D:7: 1645 daAuts
